[Event "Magistral Ajedrez 2019"]
[Site "Zaragoza"]
[Date "2019.07.15"]
[Round "2"]
[White "Dardha, Daniel"]
[Black "Llorente Zaro, Alfonso"]
[Result "0-1"]
[ECO "A45"]
[WhiteElo "2420"]
[BlackElo "2445"]
[Annotator "ChessBase"]
[PlyCount "68"]
[EventDate "2019.07.15"]
[EventType "swiss"]
[EventCountry "ESP"]
[SourceTitle "playchess.com"]
[Source "ChessBase"]
[SourceQuality "1"]
[TimeControl "40/5400+30:1800+30"]

1. d4 Nf6 2. Bg5 d5 3. Nd2 c5 4. e3 cxd4 5. exd4 Qb6 6. Ngf3 Nc6 7. c4 Nxd4 8. cxd5 Nxf3+ 9. Nxf3 Qa5+ 10. Bd2 Qxd5 11. Bc3 e6 12. Bd3 Be7 13. O-O Bd7 14. Ne5 Bb5 15. Bxb5+ Qxb5 16. Ng4 Rd8 17. Qf3 Qd5 18. Qf4 Nh5 19. Qa4+ b5 20. Qxa7 Bc5 21. Qa5 O-O 22. Ne3 Qg5 23. Rae1 Nf4 24. Qxb5 Rd5 25. Qc4 Bxe3 26. g3 Nh3+ 27. Kg2 Nxf2 28. Rxe3 Qxe3 29. Rxf2 Rfd8 30. a4 Qc5 31. Rf4 Qd6 32. b4 Qd7 33. Rg4 e5 34. Qe2 Qc6 0-1

[Event "Magistral Ajedrez 2019"]
[Site "Zaragoza"]
[Date "2019.07.15"]
[Round "2"]
[White "Shome Shiv"]
[Black "Gomez Anadon, Daniel"]
[Result "1/2-1/2"]
[ECO "B90"]
[WhiteElo "2298"]
[BlackElo "2305"]
[Annotator "ChessBase"]
[PlyCount "89"]
[EventDate "2019.07.15"]
[EventType "swiss"]
[EventCountry "ESP"]
[SourceTitle "playchess.com"]
[Source "ChessBase"]
[SourceQuality "1"]
[TimeControl "40/5400+30:1800+30"]

1. e4 c5 2. Nf3 d6 3. d4 Nf6 4. Nc3 cxd4 5. Nxd4 a6 6. Be3 e5 7. Nf3 Be7 8. Bc4 O-O 9. O-O Be6 10. Bb3 Nc6 11. Qe2 Na5 12. Rfd1 Qc7 13. Bg5 Rac8 14. Bxf6 Bxf6 15. Nd5 Bxd5 16. Rxd5 Nxb3 17. cxb3 Be7 18. Rad1 f5 19. R5d2 Qc6 20. exf5 Rxf5 21. Nd4 exd4 22. Qxe7 Re8 23. Qh4 Re4 24. Qg3 Rfe5 25. h3 Re1+ 26. Kh2 Qd5 27. Rxd4 Rxd1 28. Rxd5 Rdxd5 29. Qc3 Rc5 30. Qd3 Rc6 31. f4 Re7 32. Qd5+ Kf8 33. b4 Rf7 34. Kg3 g6 35. a4 Ke8 36. b5 axb5 37. axb5 Rc5 38. Qxd6 Rxb5 39. Qe6+ Kf8 40. Qc8+ Kg7 41. Qc4 Rbf5 42. Qd4+ Kg8 43. Qd8+ Kg7 44. Qd4+ Kg8 45. Qd8+ 1/2-1/2

[Event "Magistral Ajedrez 2019"]
[Site "Zaragoza"]
[Date "2019.07.15"]
[Round "2"]
[White "Chueca Forcen, Alberto"]
[Black "Villuendas Valero, Adrian"]
[Result "1-0"]
[ECO "E32"]
[WhiteElo "2283"]
[BlackElo "2250"]
[Annotator "ChessBase"]
[PlyCount "71"]
[EventDate "2019.07.15"]
[EventType "swiss"]
[EventCountry "ESP"]
[SourceTitle "playchess.com"]
[Source "ChessBase"]
[SourceQuality "1"]
[TimeControl "40/5400+30:1800+30"]

1. d4 Nf6 2. c4 e6 3. Nc3 Bb4 4. Qc2 O-O 5. e4 d5 6. e5 Ne4 7. Bd3 c5 8. Nf3 cxd4 9. Nxd4 Nd7 10. Bf4 Ndc5 11. O-O Bxc3 12. bxc3 Nxd3 13. Qxd3 Qh4 14. Qe3 b6 15. f3 Nc5 16. cxd5 exd5 17. Rfd1 Qe7 18. a4 Bd7 19. a5 Rfc8 20. axb6 axb6 21. Rxa8 Rxa8 22. Bg5 Qf8 23. Ne2 Be6 24. Nf4 h6 25. Bh4 Ra4 26. h3 Qa8 27. Kh2 Rc4 28. Rd4 Rxd4 29. cxd4 Nd7 30. Nh5 b5 31. f4 Bf5 32. Ng3 Be4 33. f5 Qc6 34. Qa3 g5 35. Qe7 gxh4 36. Qe8+ 1-0

[Event "Magistral Ajedrez 2019"]
[Site "Zaragoza"]
[Date "2019.07.15"]
[Round "2"]
[White "Kovacevic, Slobodan"]
[Black "Sos Andreu, Eric"]
[Result "0-1"]
[ECO "A46"]
[WhiteElo "2257"]
[BlackElo "2343"]
[Annotator "ChessBase"]
[PlyCount "110"]
[EventDate "2019.07.15"]
[EventType "swiss"]
[EventCountry "ESP"]
[SourceTitle "playchess.com"]
[Source "ChessBase"]
[SourceQuality "1"]
[TimeControl "40/5400+30:1800+30"]

1. d4 Nf6 2. Nf3 e6 3. Bf4 d5 4. Nbd2 c5 5. e3 Nc6 6. c3 Bd6 7. Bg3 O-O 8. Bd3 b6 9. Ne5 Bb7 10. f4 Ne7 11. Qf3 Nf5 12. Bf2 Be7 13. Ng4 Nxg4 14. Qxg4 Nd6 15. Qh3 Ne4 16. Nf3 b5 17. a3 c4 18. Bc2 a5 19. Bh4 Bxh4+ 20. Nxh4 b4 21. axb4 axb4 22. O-O Rxa1 23. Rxa1 Qb6 24. cxb4 f5 25. Nf3 Nf6 26. Qh4 Qxb4 27. h3 Rb8 28. Rb1 Bc6 29. Qf2 Ba4 30. Ng5 Bxc2 31. Qxc2 h6 32. Nxe6 Qe7 33. Qxf5 Re8 34. Nc5 Qxe3+ 35. Kh1 Qxd4 36. b4 c3 37. Kh2 Qd2 38. Nb3 Qf2 39. Ra1 Qb6 40. Ra4 Qf2 41. Ra6 Re2 42. Qc8+ Kh7 43. Qf5+ g6 44. Ra7+ Qxa7 45. Qxf6 Qg7 46. Qd6 Qf7 47. Nd4 Re4 48. f5 gxf5 49. Qc5 Qe7 50. Qxd5 Qe5+ 51. Qxe5 Rxe5 52. b5 Rd5 53. Ne2 c2 54. b6 Rb5 55. Nd4 Rb2 0-1

[Event "Magistral Ajedrez 2019"]
[Site "Zaragoza"]
[Date "2019.07.15"]
[Round "2"]
[White "Romero Pallares, Daniel"]
[Black "Randazzo, Adrian"]
[Result "0-1"]
[ECO "C07"]
[WhiteElo "2230"]
[BlackElo "2227"]
[Annotator "ChessBase"]
[PlyCount "122"]
[EventDate "2019.07.15"]
[EventType "swiss"]
[EventCountry "ESP"]
[SourceTitle "playchess.com"]
[Source "ChessBase"]
[SourceQuality "1"]
[TimeControl "40/5400+30:1800+30"]

1. e4 e6 2. d4 d5 3. Nd2 c5 4. Ngf3 cxd4 5. Nxd4 Nc6 6. Nxc6 bxc6 7. Bd3 Qc7 8. c4 Nf6 9. O-O Bd6 10. h3 O-O 11. cxd5 cxd5 12. exd5 Nxd5 13. Ne4 Be5 14. Qh5 f5 15. Ng5 h6 16. Nf3 Bf6 17. Bd2 Bxb2 18. Rab1 Bf6 19. Qg6 Bd7 20. Rfc1 Qd6 21. Bc4 Be8 22. Qg3 f4 23. Qh2 g5 24. Kh1 Bg6 25. Rb5 Rac8 26. Qg1 Rfd8 27. Qe1 Bf5 28. Ba5 Rd7 29. Rxd5 exd5 30. Bxd5+ Qxd5 31. Rxc8+ Kh7 32. Bc3 Re7 33. Rh8+ Kg6 34. Qa1 Bxh8 35. Bxh8 Qe6 36. Kh2 h5 37. Qc3 g4 38. Nd4 g3+ 39. fxg3 Qd6 40. Nxf5 Kxf5 41. Qc2+ Kg5 42. h4+ Kh6 43. gxf4 Qxf4+ 44. g3 Qf3 45. Qd2+ Kh7 46. Be5 Rxe5 47. Qd7+ Kg6 48. Qd6+ Qf6 49. Qd3+ Kg7 50. Qd7+ Qe7 51. Qd4 a5 52. a4 Qe6 53. Qc3 Qf6 54. Qc7+ Qe7 55. Qc3 Qc5 56. Qb2 Kf6 57. Qa1 Qc2+ 58. Kh3 Qf5+ 59. Kg2 Kg6 60. Qd1 Qe4+ 61. Kh3 Qg4+ 0-1

[Event "Magistral Ajedrez 2019"]
[Site "Zaragoza"]
[Date "2019.07.16"]
[Round "3.1"]
[White "Sos Andreu, Eric"]
[Black "Romero Pallares, Daniel"]
[Result "1-0"]
[ECO "E63"]
[WhiteElo "2343"]
[BlackElo "2230"]
[Annotator "NA"]
[PlyCount "53"]
[EventDate "2019.07.15"]
[EventType "swiss"]
[EventCountry "ESP"]
[SourceTitle "playchess.com"]
[Source "ChessBase"]
[SourceQuality "1"]
[TimeControl "5400+30"]

1. Nf3 g6 2. c4 Bg7 3. d4 Nf6 4. g3 O-O 5. Bg2 d6 6. Nc3 Nc6 7. O-O a6 8. Bf4 Rb8 9. Rc1 Nh5 10. Be3 Bd7 11. b3 e6 12. Bg5 f6 13. Be3 e5 14. Qd2 Re8 15. dxe5 dxe5 16. Rfd1 Be6 17. Nd5 Qd7 18. Ne1 Rbd8 19. Nd3 Qf7 20. Nc5 Bc8 21. Bh6 Qf8 22. Bxg7 Nxg7 23. Ne4 Re6 24. Qh6 Nd4 25. Ndxf6+ Rxf6 26. Ng5 Nxe2+ 27. Kh1 1-0

[Event "Magistral Ajedrez 2019"]
[Site "Zaragoza"]
[Date "2019.07.16"]
[Round "3.2"]
[White "Llorente Zaro, Alfonso"]
[Black "Kovacevic, Slobodan"]
[Result "1-0"]
[ECO "C02"]
[WhiteElo "2445"]
[BlackElo "2257"]
[Annotator "ChessBase"]
[PlyCount "81"]
[EventDate "2019.07.15"]
[EventType "swiss"]
[EventCountry "ESP"]
[SourceTitle "playchess.com"]
[Source "ChessBase"]
[SourceQuality "1"]
[TimeControl "5400+30"]

1. e4 c5 2. Nf3 e6 3. c3 Nc6 4. d4 d5 5. e5 Nge7 6. Na3 cxd4 7. cxd4 Nf5 8. Nc2 Qa5+ 9. Bd2 Qb6 10. Bc3 a5 11. a3 a4 12. Bd3 Bd7 13. O-O Be7 14. Re1 g6 15. g4 Nh4 16. Re3 Nxf3+ 17. Rxf3 Kf8 18. h4 Bxh4 19. Qd2 Qd8 20. Qh6+ Kg8 21. Bd2 Be7 22. Qf4 Be8 23. g5 Qb6 24. Rb1 Bf8 25. Kg2 Bg7 26. Rh3 Rd8 27. Bc3 Ne7 28. Ne3 Bb5 29. Bc2 Qa6 30. Ng4 Nf5 31. Rbh1 Rc8 32. Nf6+ Bxf6 33. gxf6 Kf8 34. Bxf5 exf5 35. Qh6+ Ke8 36. Qg7 Bd3 37. Rxd3 Qxd3 38. Re1 Rf8 39. e6 Rxc3 40. bxc3 Qd2 41. e7 1-0

[Event "Magistral Ajedrez 2019"]
[Site "Zaragoza"]
[Date "2019.07.16"]
[Round "3.3"]
[White "Gomez Anadon, Daniel"]
[Black "Dardha, Daniel"]
[Result "1/2-1/2"]
[ECO "B30"]
[WhiteElo "2305"]
[BlackElo "2420"]
[Annotator "ChessBase"]
[PlyCount "74"]
[EventDate "2019.07.15"]
[EventType "swiss"]
[EventCountry "ESP"]
[SourceTitle "playchess.com"]
[Source "ChessBase"]
[SourceQuality "1"]
[TimeControl "5400+30"]

1. e4 c5 2. Nf3 Nc6 3. Bb5 Nf6 4. Bxc6 dxc6 5. d3 Bg4 6. Nbd2 Nd7 7. h3 Bh5 8. g4 Bg6 9. Nh4 e5 10. Nf5 f6 11. Nc4 Qc7 12. h4 Bf7 13. h5 O-O-O 14. a4 Nb6 15. Qe2 Nxc4 16. dxc4 Rg8 17. Bd2 g6 18. hxg6 hxg6 19. Ne3 Be6 20. O-O-O Bg7 21. Rh7 Rh8 22. Rdh1 Rxh7 23. Rxh7 Bg8 24. Rh1 Qd6 25. Bc3 Qf8 26. b3 Bh6 27. Kb2 Be6 28. Ng2 Bg5 29. Ne1 Qg7 30. Nd3 b6 31. f3 Rh8 32. Rxh8+ Qxh8 33. a5 Qh1 34. Be1 Kc7 35. Bg3 Qg1 36. Bf2 Qh2 37. Qf1 Bc8 1/2-1/2

[Event "Magistral Ajedrez 2019"]
[Site "Zaragoza"]
[Date "2019.07.16"]
[Round "3.4"]
[White "Villuendas Valero, Adrian"]
[Black "Shome Shiv"]
[Result "1/2-1/2"]
[ECO "D04"]
[WhiteElo "2250"]
[BlackElo "2298"]
[Annotator "ChessBase"]
[PlyCount "63"]
[EventDate "2019.07.15"]
[EventType "swiss"]
[EventCountry "ESP"]
[SourceTitle "playchess.com"]
[Source "ChessBase"]
[SourceQuality "1"]
[TimeControl "5400+30"]

1. d4 d5 2. Nf3 Nf6 3. e3 c5 4. Bd3 Nc6 5. O-O Bg4 6. Be2 e6 7. h3 Bh5 8. b3 Be7 9. Bb2 O-O 10. Nbd2 Qc7 11. c4 dxc4 12. Nxc4 Rad8 13. Nfe5 Nxe5 14. Nxe5 Bxe2 15. Qxe2 Nd5 16. dxc5 Bf6 17. Nf3 Bxb2 18. Qxb2 Qxc5 19. Rfc1 Qe7 20. Rc4 Rc8 21. Rac1 Nb6 22. Rxc8 Rxc8 23. Rxc8+ Nxc8 24. Qc3 Qd8 25. Nd4 Ne7 26. Qc5 a6 27. e4 h6 28. g3 Qd7 29. Kg2 Kf8 30. Nf3 Qc6 31. Qd4 f6 32. Qb4 1/2-1/2

[Event "Magistral Ajedrez 2019"]
[Site "Zaragoza"]
[Date "2019.07.16"]
[Round "3.5"]
[White "Randazzo, Adrian"]
[Black "Chueca Forcen, Alberto"]
[Result "1-0"]
[ECO "A06"]
[WhiteElo "2227"]
[BlackElo "2283"]
[Annotator "NA"]
[PlyCount "59"]
[EventDate "2019.07.15"]
[EventType "swiss"]
[EventCountry "ESP"]
[SourceTitle "playchess.com"]
[Source "ChessBase"]
[SourceQuality "1"]
[TimeControl "5400+30"]

1. Nf3 d5 2. e3 c5 3. c4 d4 4. b4 dxe3 5. fxe3 cxb4 6. d4 Nd7 7. Qa4 e5 8. Nxe5 Bd6 9. Nf3 Ngf6 10. c5 Bc7 11. Bc4 O-O 12. O-O a5 13. a3 bxa3 14. Nxa3 Ne4 15. Nb5 Bb8 16. Ba3 Ndf6 17. Qc2 Re8 18. d5 Bg4 19. d6 Bh5 20. Rad1 Nd7 21. Bd5 Bg6 22. Qc4 Ba7 23. Bxb7 Rb8 24. Nxa7 Rxb7 25. Nc6 Qf6 26. Ne7+ Kh8 27. c6 Nb6 28. d7 Nxd7 29. cxb7 Qb6 30. Qd4 1-0

[Event "Magistral Ajedrez 2019"]
[Site "Zaragoza"]
[Date "2019.07.17"]
[Round "4.1"]
[White "Romero Pallares, Daniel"]
[Black "Chueca Forcen, Alberto"]
[Result "0-1"]
[ECO "C55"]
[WhiteElo "2230"]
[BlackElo "2283"]
[Annotator "NA"]
[PlyCount "126"]
[EventDate "2019.07.15"]
[EventType "swiss"]
[EventCountry "ESP"]
[SourceTitle "playchess.com"]
[Source "ChessBase"]
[SourceQuality "1"]
[TimeControl "5400+30"]

1. e4 e5 2. Nf3 Nc6 3. d4 exd4 4. Bc4 Nf6 5. e5 d5 6. Bb5 Ne4 7. Nxd4 Bd7 8. Bxc6 bxc6 9. O-O Bc5 10. f3 Ng5 11. f4 Ne4 12. Be3 Bb6 13. Nc3 Nxc3 14. bxc3 Qe7 15. Qd2 O-O 16. Rae1 c5 17. Nb3 c4 18. Nd4 c5 19. Ne2 Bc6 20. Ng3 f5 21. Qf2 Rad8 22. Rd1 g6 23. Rd2 a5 24. h3 Ba7 25. Ne2 Rb8 26. g4 Rb2 27. gxf5 Rxf5 28. Ng3 Rf8 29. Re2 Qh4 30. Bxc5 Bxc5 31. Qxc5 Rxf4 32. Rg2 Bb7 33. Qd6 Rxf1+ 34. Nxf1 Rb1 35. Rf2 Qg3+ 36. Rg2 Qe3+ 37. Rf2 Qg3+ 38. Rg2 Qf3 39. Qd8+ Kg7 40. Qe7+ Qf7 41. Qxf7+ Kxf7 42. Kf2 Rb2 43. Ke1 Rxa2 44. Ne3 Ke6 45. Rf2 Kxe5 46. Rf7 Bc8 47. Rxh7 a4 48. Re7+ Kd6 49. Rg7 Bf5 50. Kd2 Ra1 51. Nd1 a3 52. h4 a2 53. Ra7 Ke5 54. Ne3 Be4 55. Ke2 Kf4 56. Kf2 Rh1 57. Rxa2 Rh2+ 58. Kg1 Rxh4 59. Ng2+ Bxg2 60. Kxg2 Ke3 61. Kg3 Re4 62. Ra5 Re5 63. Ra6 g5 0-1

[Event "Magistral Ajedrez 2019"]
[Site "Zaragoza"]
[Date "2019.07.17"]
[Round "4.2"]
[White "Shome Shiv"]
[Black "Randazzo, Adrian"]
[Result "1-0"]
[ECO "C11"]
[WhiteElo "2298"]
[BlackElo "2227"]
[Annotator "NA"]
[PlyCount "149"]
[EventDate "2019.07.15"]
[EventType "swiss"]
[EventCountry "ESP"]
[SourceTitle "playchess.com"]
[Source "ChessBase"]
[SourceQuality "1"]
[TimeControl "5400+30"]

1. e4 e6 2. d4 d5 3. Nc3 Nf6 4. Bg5 dxe4 5. Nxe4 Be7 6. Bxf6 gxf6 7. Nf3 a6 8. c4 f5 9. Nc3 Bf6 10. Qd2 c5 11. dxc5 Qa5 12. Be2 Qxc5 13. O-O O-O 14. Rfd1 Bd7 15. b4 Qc7 16. Rac1 Kh8 17. Qh6 Bg7 18. Qh4 Nc6 19. Nd5 Qd8 20. Qxd8 Raxd8 21. Nb6 Be8 22. Rxd8 Nxd8 23. b5 Bf6 24. a4 a5 25. c5 e5 26. Bc4 e4 27. Nd2 Bg5 28. Rc2 Ne6 29. Bxe6 fxe6 30. Ndc4 f4 31. Nd6 Bg6 32. Re2 e3 33. Nd7 Rg8 34. Ne5 Bh5 35. f3 Bf6 36. Ng4 Bxg4 37. fxg4 Rxg4 38. c6 bxc6 39. bxc6 f3 40. c7 Rg8 41. Rxe3 Bd4 42. Nf7+ Kg7 43. Nd8 Bxe3+ 44. Kf1 fxg2+ 45. Kxg2 Bg5 46. c8=Q Bxd8 47. Qxe6 Rf8 48. Qe5+ Kf7 49. Kh3 Kg8 50. Kg4 Rf7 51. Qe8+ Rf8 52. Qd7 Kh8 53. Kh5 Kg8 54. Qd5+ Kg7 55. Qd4+ Kg8 56. Qe5 Rf7 57. Qd5 Bc7 58. h4 Kg7 59. Kg5 Bf4+ 60. Kg4 Bc7 61. Qe6 Rf6 62. Qd7+ Rf7 63. Qc6 Rf4+ 64. Kg5 Rf7 65. h5 Bd8+ 66. Kg4 Bc7 67. Qe6 Kg8 68. h6 Bd8 69. Qe8+ Rf8 70. Qd7 Bf6 71. Qd5+ Rf7 72. Qxa5 Kf8 73. Qa8+ Ke7 74. a5 Be5 75. a6 1-0

[Event "Magistral Ajedrez 2019"]
[Site "Zaragoza"]
[Date "2019.07.17"]
[Round "4.3"]
[White "Dardha, Daniel"]
[Black "Villuendas Valero, Adrian"]
[Result "1-0"]
[ECO "A20"]
[WhiteElo "2420"]
[BlackElo "2250"]
[Annotator "NA"]
[PlyCount "51"]
[EventDate "2019.07.15"]
[EventType "swiss"]
[EventCountry "ESP"]
[SourceTitle "playchess.com"]
[Source "ChessBase"]
[SourceQuality "1"]
[TimeControl "5400+30"]

1. c4 e5 2. g3 Nf6 3. Bg2 Nc6 4. Nc3 Bb4 5. e4 Bxc3 6. bxc3 d6 7. d3 O-O 8. Ne2 Be6 9. O-O Nd7 10. Rb1 b6 11. f4 f6 12. f5 Bf7 13. g4 Ne7 14. g5 c6 15. Ng3 d5 16. cxd5 cxd5 17. gxf6 Nxf6 18. Bg5 Qc7 19. Qe1 Rac8 20. d4 dxe4 21. Bxf6 gxf6 22. Nxe4 Bxa2 23. Ra1 Bd5 24. dxe5 Qxe5 25. Rxa7 Rc7 26. Nxf6+ 1-0

[Event "Magistral Ajedrez 2019"]
[Site "Zaragoza"]
[Date "2019.07.17"]
[Round "4.4"]
[White "Kovacevic, Slobodan"]
[Black "Gomez Anadon, Daniel"]
[Result "1/2-1/2"]
[ECO "D00"]
[WhiteElo "2257"]
[BlackElo "2305"]
[Annotator "NA"]
[PlyCount "184"]
[EventDate "2019.07.15"]
[EventType "swiss"]
[EventCountry "ESP"]
[SourceTitle "playchess.com"]
[Source "ChessBase"]
[SourceQuality "1"]
[TimeControl "5400+30"]

1. d4 d5 2. Bf4 Nf6 3. e3 e6 4. Nd2 c5 5. c3 Bd6 6. Bg3 O-O 7. Ngf3 b6 8. a4 Nc6 9. Ne5 Bb7 10. Bd3 Qc7 11. f4 Ne7 12. Qf3 Nf5 13. O-O Rab8 14. Bf2 Be7 15. g4 Nd6 16. Qh3 Nfe4 17. Bg3 f6 18. Nef3 Qd7 19. Rfd1 c4 20. Bc2 Bc6 21. Nh4 b5 22. a5 b4 23. Bxe4 dxe4 24. f5 Bd5 25. fxe6 Bxe6 26. Nf5 Rb5 27. Nxe7+ Qxe7 28. Bxd6 Qxd6 29. Nxe4 Qc6 30. Nc5 bxc3 31. bxc3 Bd5 32. Re1 Be4 33. Ra2 Rfb8 34. Qf1 Rb2 35. Rxb2 Rxb2 36. Qxc4+ Bd5 37. Qd3 Rg2+ 38. Kf1 Qd6 39. Qf5 Rxh2 40. Qc8+ Kf7 41. Qd7+ Qxd7 42. Nxd7 Rc2 43. Nc5 Rxc3 44. Kf2 Ra3 45. a6 Kg6 46. Rc1 Ra2+ 47. Kg3 Rg2+ 48. Kh3 Re2 49. Rc3 f5 50. gxf5+ Kxf5 51. Nb7 Ra2 52. Rc5 Ke6 53. Rc7 Ra3 54. Rxg7 Rxe3+ 55. Kh2 Re2+ 56. Kg1 Ra2 57. Nc5+ Kd6 58. Rxh7 Rg2+ 59. Kf1 Rd2 60. Rh4 Bc4+ 61. Ke1 Ra2 62. Rh7 Kd5 63. Rd7+ Kc6 64. Rxa7 Bb5 65. Ra8 Kd5 66. a7 Bc6 67. Rd8+ Kc4 68. Rd6 Bd5 69. Na6 Ra1+ 70. Kd2 Ba8 71. Ke3 Re1+ 72. Kf4 Re4+ 73. Kf5 Rxd4 74. Rxd4+ Kxd4 75. Ke6 Kc4 76. Nc7 Bg2 77. Kd6 Bh1 78. Ne6 Kb5 79. Kc7 Ka6 80. Kb8 Kb6 81. Nc7 Bg2 82. Ne8 Bf3 83. Nf6 Bg2 84. Ng8 Bf3 85. Ne7 Bg2 86. Nc8+ Ka6 87. Kc7 Bf3 88. Kb8 Bg2 89. Nd6 Bf3 90. Nc4 Bg2 91. Ne5 Bh1 92. Nd3 Kb6 1/2-1/2

[Event "Magistral Ajedrez 2019"]
[Site "Zaragoza"]
[Date "2019.07.17"]
[Round "4.5"]
[White "Sos Andreu, Eric"]
[Black "Llorente Zaro, Alfonso"]
[Result "1/2-1/2"]
[ECO "B09"]
[WhiteElo "2343"]
[BlackElo "2445"]
[Annotator "NA"]
[PlyCount "31"]
[EventDate "2019.07.15"]
[EventType "swiss"]
[EventCountry "ESP"]
[SourceTitle "playchess.com"]
[Source "ChessBase"]
[SourceQuality "1"]
[TimeControl "5400+30"]

1. e4 g6 2. d4 d6 3. Nc3 Nf6 4. f4 Bg7 5. Nf3 c5 6. Bb5+ Bd7 7. e5 Ng4 8. e6 fxe6 9. Ng5 Bxb5 10. Nxe6 Bxd4 11. Nxd8 Bf2+ 12. Kd2 Be3+ 13. Ke1 Bf2+ 14. Kd2 Be3+ 15. Ke1 Bf2+ 16. Kd2 1/2-1/2

[Event "Magistral Ajedrez 2019"]
[Site "Zaragoza"]
[Date "2019.07.18"]
[Round "5.1"]
[White "Llorente Zaro, Alfonso"]
[Black "Romero Pallares, Daniel"]
[Result "1-0"]
[ECO "A45"]
[WhiteElo "2445"]
[BlackElo "2230"]
[Annotator "RC"]
[PlyCount "125"]
[EventDate "2019.07.15"]
[EventType "swiss"]
[EventCountry "ESP"]
[SourceTitle "playchess.com"]
[Source "ChessBase"]
[SourceQuality "1"]
[TimeControl "5400+30"]

1. d4 Nf6 2. g3 g6 3. Bg2 Bg7 4. Nf3 O-O 5. O-O d6 6. a4 Nbd7 7. a5 c6 8. Nc3 Qc7 9. e4 e5 10. b3 Re8 11. h3 exd4 12. Nxd4 Nc5 13. Re1 Ne6 14. Be3 Bd7 15. Qd2 b5 16. axb6 axb6 17. Nxe6 Bxe6 18. Rxa8 Rxa8 19. Rd1 Rd8 20. Na4 c5 21. Nc3 Qd7 22. Kh2 b5 23. Bg5 b4 24. Na4 Re8 25. Qxd6 Qxd6 26. Rxd6 Nd7 27. Be3 Rc8 28. Bf1 Bd4 29. Ba6 Rc7 30. Bf4 Ra7 31. Kg2 Kf8 32. Bb5 Ke7 33. Rc6 f6 34. Bd6+ Kf7 35. Nxc5 Nxc5 36. Bxc5 Bxc5 37. Rxc5 Ke7 38. Bd3 Rd7 39. Bc4 Rd2 40. Bxe6 Kxe6 41. Kf3 Rd1 42. Ke2 Rc1 43. f4 Rh1 44. Kf3 Rf1+ 45. Kg2 Rc1 46. Rc6+ Ke7 47. Rc4 Kd6 48. g4 g5 49. e5+ fxe5 50. fxg5 Kd5 51. h4 e4 52. h5 Ke5 53. g6 hxg6 54. hxg6 Rd1 55. g7 Rd8 56. Kg3 Rg8 57. Rc7 Kd6 58. Rb7 Ke5 59. Rb5+ Kd4 60. Rxb4+ Ke3 61. Rb7 Re8 62. Rf7 Rg8 63. Re7 1-0

[Event "Magistral Ajedrez 2019"]
[Site "Zaragoza"]
[Date "2019.07.18"]
[Round "5.3"]
[White "Villuendas Valero, Adrian"]
[Black "Kovacevic, Slobodan"]
[Result "1-0"]
[ECO "A61"]
[WhiteElo "2250"]
[BlackElo "2257"]
[Annotator "NA"]
[PlyCount "159"]
[EventDate "2019.07.15"]
[EventType "swiss"]
[EventCountry "ESP"]
[SourceTitle "playchess.com"]
[Source "ChessBase"]
[SourceQuality "1"]
[TimeControl "5400+30"]

1. d4 Nf6 2. c4 e6 3. Nc3 c5 4. d5 exd5 5. cxd5 d6 6. Nf3 g6 7. Qa4+ {[%emt 0:01:10] A61: Modern Benoni: Nf3 without early e4} (7. Bf4 Bg7 8. h3 O-O 9. e3 Na6 10. Bc4 Nc7 11. O-O Re8 12. a4 b6 13. Nb5 Nxb5 14. axb5 Ne4 15. Ra2 g5 {½-½ (39) Vallejo Pons,F (2698)-Lagarde,M (2604) chess.com INT 2019}) 7... Bd7 8. Qb3 Bc8 9. e4 a6 10. a4 Qa5 $146 ({Predecessor:} 10... Bg7 11. Bd3 O-O 12. O-O Nbd7 13. Bf4 Qc7 14. h3 Re8 15. Rfe1 Nh5 16. Bh2 Ne5 17. Be2 Nxf3+ 18. Bxf3 Nf6 19. Qc2 Nd7 20. Be2 Be5 {½-½ (20) Li,R (2423)-Le,T (2328) Tagaytay City 2011}) 11. Bd2 Nbd7 12. Ra3 Rb8 13. Be2 Qc7 14. O-O Bg7 15. h3 O-O 16. Re1 Re8 17. Bf1 Nh5 18. g4 Nhf6 19. Bf4 h5 20. g5 Nh7 21. Nd2 Bd4 22. Nf3 Bg7 23. Qd1 c4 24. b4 Bf8 (24... Ne5 $11) 25. Qd2 (25. a5 $16) 25... Ne5 26. Nd4 Bg7 27. Be3 Nd3 {[%emt 0:04:20] Double Attack} 28. Rb1 Bd7 29. h4 Ne5 30. f3 Rbc8 31. Be2 Qd8 32. Nd1 ({White should try} 32. a5 $14) 32... Qe7 33. Nf2 Kh8 34. Rc1 b5 ({Black should try} 34... f5 $14) 35. axb5 axb5 36. Nd1 Rb8 37. Nc3 Rb7 38. Rca1 Reb8 $18 (38... Rc8 {might work better.} 39. Ra8 Qf8) 39. Ra6 (39. f4 $142) 39... Rc8 (39... Kg8 $16 40. R1a5 Qe8) 40. Ra7 Rxa7 41. Rxa7 Qe8 42. Ra5 Rb8 43. Ra6 Bf8 44. Nc2 Ra8 45. Rxa8 Qxa8 46. Bd4 Kg8 47. f4 Ng4 48. Bf3 Qb8 49. Qe2 Be7 50. e5 Bf5 51. Be4 Bd7 52. e6 Be8 53. f5 gxf5 54. Bxf5 Ne5 55. Qxh5 Nf8 56. Qe2 fxe6 57. dxe6 Bc6 58. Be4 Qa8 59. Bxc6 Qxc6 60. Bxe5 dxe5 61. Qe4 Qb6+ 62. Kf1 Qxe6 63. Qd5 Qxd5 64. Nxd5 Bd8 65. Kf2 Kf7 66. Kf3 Ke6 67. Nc3 Ng6 68. Kg4 Nf4 69. h5 Be7 70. h6 Ng6 71. Nxb5 e4 72. Nc3 Ke5 73. b5 Bc5 74. Na4 Bd6 75. Nb6 c3 76. Nc4+ Kd5 77. Nxd6 Kxd6 78. Kf5 Nh4+ 79. Kf6 Ng2 80. h7 1-0

[Event "Magistral Ajedrez 2019"]
[Site "Zaragoza"]
[Date "2019.07.18"]
[Round "5.4"]
[White "Randazzo, Adrian"]
[Black "Dardha, Daniel"]
[Result "0-1"]
[ECO "A04"]
[WhiteElo "2227"]
[BlackElo "2420"]
[Annotator "NA"]
[PlyCount "137"]
[EventDate "2019.07.15"]
[EventType "swiss"]
[EventCountry "ESP"]
[SourceTitle "playchess.com"]
[Source "ChessBase"]
[SourceQuality "1"]
[TimeControl "5400+30"]

1. Nf3 b6 2. e4 Bb7 3. Nc3 Nf6 (3... e6 4. d4 Bb4 5. Bd3 Nf6 6. Qe2 d5 7. exd5 Qxd5 8. O-O Bxc3 9. bxc3 Nbd7 10. c4 Qh5 11. Bf4 Rc8 12. a4 a5 13. Rab1 O-O 14. Rb5 c5 15. dxc5 Rxc5 {0-1 (29) Eljanov,P (2734)-Carlsen,M (2827) Douglas 2017}) 4. e5 Nd5 5. Nxd5 Bxd5 6. d4 {[%emt 0:00:17] B00: Queen's Fianchetto Defence, Nimzowitsch Defence} e6 7. Bd3 Be7 8. Qe2 c5 9. c4 Bc6 10. Bd2 $146 ({Predecessor:} 10. O-O h6 11. b3 O-O 12. Bc2 f5 13. exf6 Bxf6 {1-0 (22) Tenyi,J (2204)-Kalo,I (1975) Hungary 2001}) 10... d5 11. exd6 Qxd6 12. dxc5 Qxc5 13. O-O Nd7 14. Be3 Qh5 15. Nd4 Qxe2 16. Bxe2 Bb7 17. Nb5 O-O 18. Rfd1 Rfd8 19. Rd2 a6 20. Rad1 Nc5 21. Nc3 Rxd2 22. Rxd2 a5 23. b3 Bc6 24. f3 Kf8 25. Kf2 Bh4+ 26. g3 Bf6 27. Rd6 Rc8 28. Nb5 Ke7 29. Rd2 Bd7 30. Bf4 Kf8 31. Bd6+ Be7 32. Bf4 g5 33. Be3 Rd8 34. Rd1 h6 35. h4 f6 36. hxg5 hxg5 37. g4 Kg7 38. Nc3 Rh8 39. Kg3 Bc6 40. Bf1 Kf7 41. Bg2 f5 42. gxf5 exf5 43. Kf2 f4 44. Bd4 Rd8 45. Bh3 Bf6 46. Nd5 Bxd4+ 47. Rxd4 Bxd5 48. cxd5 Kf6 49. Rd2 Rd6 50. Bf1 {[%emt 0:00:10] [#]} g4 $1 51. Bc4 g3+ 52. Kg1 $2 (52. Kg2) 52... Nd7 53. Rd4 Ke5 54. Re4+ Kf5 55. Re8 Ne5 56. Rf8+ Rf6 57. Rh8 Nxf3+ 58. Kg2 Ne5 59. Be2 Ke4 60. Re8 f3+ 61. Bxf3+ Rxf3 62. Rxe5+ Kxe5 63. Kxf3 Kxd5 64. Kxg3 Kd4 65. Kf4 Kc3 66. Ke4 Kb2 67. Kd4 Kxa2 68. Kc4 Kb2 69. Kd4 0-1

[Event "Magistral Ajedrez 2019"]
[Site "Zaragoza"]
[Date "2019.07.18"]
[Round "6.3"]
[White "Kovacevic, Slobodan"]
[Black "Randazzo, Adrian"]
[Result "1/2-1/2"]
[ECO "A46"]
[WhiteElo "2257"]
[BlackElo "2227"]
[Annotator "NA"]
[PlyCount "38"]
[EventDate "2019.07.15"]
[EventType "swiss"]
[EventCountry "ESP"]
[SourceTitle "playchess.com"]
[Source "ChessBase"]
[SourceQuality "1"]
[TimeControl "5400+30"]

1. d4 Nf6 2. Nf3 e6 3. Bf4 c5 4. e3 b6 5. Nbd2 Bb7 6. Nc4 d5 7. Nce5 Bd6 8. Bb5+ Ke7 9. Ng5 Rf8 10. Qf3 a6 11. Qh3 Bxe5 12. dxe5 axb5 13. exf6+ gxf6 14. Nf3 Nd7 15. Qxh7 Rh8 16. Qg7 Rg8 17. Qh7 Rh8 18. Qg7 Rg8 19. Qh7 Rh8 1/2-1/2